Map: [ESL] Gresvan

Players

ShoWTimE

  • Race: Protoss Protoss

GuMiho - Winner!

  • Race: Terran Terran

Event: IEM Katowice 2023

VOD

Have the link to the VOD?

Description

Time

  • Played on: Feb. 9, 2023, 8:32 a.m.
  • Length: 12:25

All games in this series

Show
View Real Time Build Order
Export as new Build Order

ShoWTimE Protoss 

Build Orders: 1 Gate Expand, Oracle Opening 

Get SALT Encoding   

  12  0:00  Probe  
  13  0:12  Probe  
  14  0:17  Pylon  
  14  0:24  Probe (Chrono Boost)  
  15  0:36  Probe (Chrono Boost)  
  15  0:37  Gateway  
  16  0:44  Probe (Chrono Boost)  
  16  0:46  Assimilator  
  17  0:50  Probe  
  18  1:03  Probe  
  19  1:15  Probe  
  20  1:24  Cybernetics Core  
  20  1:33  Nexus  
  20  1:34  Probe  
  21  1:42  Pylon  
  21  1:46  Probe  
  22  1:49  Assimilator  
  22  1:57  Adept (Chrono Boost)  
  22  1:59  Probe  
  25  2:11  Probe  
  26  2:17  Stargate  
  26  2:19  Adept (Chrono Boost)  
  28  2:23  Probe  
  29  2:31  Warp Gate  
  29  2:36  Probe (Chrono Boost)  
  30  2:44  Adept  
  30  2:45  Probe (Chrono Boost)  
  34  2:53  Probe (Chrono Boost)  
  34  2:54  Probe (Chrono Boost)  
  35  2:59  Probe x2 (Chrono Boost)  
  35  3:01  Oracle (Chrono Boost)  
  40  3:08  Pylon  
  40  3:11  Probe x2  
  42  3:23  Probe x2  
  42  3:26  Gateway  
  44  3:27  Gateway  
  44  3:35  Probe  
  44  3:36  Probe  
  44  3:37  Oracle  
  44  3:41  Pylon  
  49  3:46  Adept  
  49  3:47  Probe  
  49  3:48  Probe  
  53  3:51  Assimilator  
  53  4:00  Probe x2  
  53  4:12  Probe x2  
  53  4:21  Nexus  
  53  4:24  Probe x2  
  53  4:27  Adept  
  53  4:30  Pylon  
  56  4:32  Assimilator  
  56  4:36  Probe x2  
  56  4:37  Twilight Council  
  58  4:41  Robotics Facility  
  58  4:48  Probe  
  58  4:51  Pylon, Probe  
  60  4:55  Sentry  
  62  5:00  Probe  
  62  5:03  Probe  
  62  5:05  Shield Battery  
  62  5:07  Stalker  
  66  5:09  Stalker  
  66  5:12  Blink (Chrono Boost), Probe  
  69  5:17  Shield Battery  
  69  5:22  Probe  
  69  5:24  Probe  
  69  5:26  Gateway  
  69  5:28  Sentry  
  73  5:33  Immortal (Chrono Boost)  
  73  5:41  Stalker  
  79  5:44  Stalker  
  81  5:57  Cybernetics Core, Robotics Bay  
  81  5:58  Pylon  
  81  6:02  Probe x3  
  84  6:12  Pylon, Observer  
  83  6:20  Probe x2  
  83  6:21  Probe  
  86  6:28  Gateway  
  86  6:29  Gateway  
  86  6:37  Stalker x4  
  86  6:39  Probe x2  
  89  6:41  Probe  
  82  6:51  Probe x2  
  73  6:57  Robotics Facility  
  73  6:58  Probe  
  71  7:04  Stalker x4  
  77  7:11  Probe x2  
  77  7:12  Probe  
  80  7:16  Charge (Chrono Boost)  
  80  7:18  Shield Battery  
  80  7:23  Probe  
  80  7:24  Probe  
  80  7:25  Probe  
  80  7:26  Pylon  
  80  7:28  Shield Battery  
  83  7:30  Sentry x3  
  83  7:35  Probe  
  83  7:36  Pylon, Probe  
  83  7:37  Probe  
  92  7:43  Disruptor (Chrono Boost)  
  92  7:44  Pylon  
  92  7:48  Probe  
  92  7:50  Forge  
  96  7:53  Probe x2  
  96  7:55  Pylon  
  98  8:06  Stalker x5  
  98  8:10  Probe  
  98  8:12  Probe  
  109  8:15  Probe  
  109  8:16  Disruptor (Chrono Boost)  
  109  8:25  Protoss Ground Weapons Level 1 (Chrono Boost)  
  109  8:28  Pylon, Probe x2  
  110  8:41  Zealot x5  
  110  8:46  Pylon  
  110  8:47  Colossus (Chrono Boost)  
  120  8:53  Probe x2  
  128  8:56  Probe  
  128  9:00  Extended Thermal Lance (Chrono Boost)  
  129  9:08  Forge  
  126  9:10  Zealot x3  
  132  9:18  Zealot x3  
  132  9:23  Probe  
  132  9:24  Probe x2  
  130  9:27  Oracle (Chrono Boost)  
  130  9:31  Assimilator  
  130  9:34  Colossus (Chrono Boost)  
  130  9:35  Assimilator  
  130  9:36  Probe  
  133  9:40  Pylon  
  133  9:45  Protoss Ground Armor Level 1 (Chrono Boost)  
  133  9:55  Pylon  
  133  10:01  Pylon, Zealot x6  
  133  10:04  Pylon  
  130  10:17  Colossus (Chrono Boost)  
  135  10:28  Probe x3  
  134  10:32  Photon Cannon  
  134  10:37  Zealot x4  
  134  10:40  Probe x3  
  145  10:47  Zealot x2  
  146  10:52  Probe  
  140  11:04  Probe x2  
  140  11:05  Zealot x3  
  140  11:06  Zealot  
  130  11:20  Warp Prism (Chrono Boost), Stalker x2  
  136  11:29  Stalker x2  
  140  11:37  Stalker  
  142  11:42  Stalker  
  136  12:01  Stalker x3  
  136  12:05  Stalker  
Show
View Real Time Build Order
Export as new Build Order

GuMiho Terran - Winner!

Build Orders: Reaper Expand 

Get SALT Encoding   

  12  0:00  SCV  
  13  0:12  SCV  
  14  0:16  Supply Depot  
  14  0:24  SCV  
  15  0:38  SCV  
  15  0:41  Barracks  
  16  0:43  Refinery  
  16  0:50  SCV  
  17  1:02  SCV  
  18  1:14  SCV  
  19  1:27  Orbital Command  
  19  1:28  Reaper  
  20  1:38  Command Center  
  20  1:49  Barracks  
  20  1:53  SCV  
  21  2:01  Barracks Reactor  
  21  2:02  Supply Depot  
  21  2:05  SCV  
  22  2:17  SCV  
  22  2:20  Factory  
  23  2:27  Refinery  
  23  2:29  SCV  
  24  2:36  Barracks Tech Lab  
  24  2:38  Marine x2  
  24  2:41  SCV  
  27  2:50  Orbital Command  
  27  2:53  SCV  
  27  2:54  Marine  
  27  2:55  Marine  
  27  2:56  Marine  
  31  3:04  Hellion  
  33  3:06  SCV  
  33  3:07  Stimpack  
  34  3:13  Marine x2  
  34  3:16  SCV  
  34  3:18  SCV  
  38  3:22  Supply Depot  
  38  3:30  Factory Reactor  
  38  3:31  Starport  
  38  3:34  SCV x2  
  40  3:36  Marine  
  40  3:38  Marine  
  40  3:39  Marine  
  43  3:46  SCV x2  
  45  3:48  Supply Depot  
  45  3:54  Marine  
  46  3:56  Marine  
  46  3:57  Marine  
  47  4:07  SCV x2  
  49  4:12  Marine  
  49  4:13  Marine  
  49  4:14  Marine  
  52  4:18  Factory Reactor  
  52  4:19  SCV  
  52  4:25  SCV  
  52  4:26  Supply Depot  
  52  4:29  Medivac  
  52  4:30  Marine, Medivac  
  58  4:31  Marine  
  58  4:32  Marine, SCV  
  58  4:37  SCV  
  60  4:40  Engineering Bay  
  60  4:44  SCV  
  61  4:48  Marine, Barracks  
  61  4:49  Marine  
  61  4:50  Marine, Combat Shield  
  64  4:54  SCV  
  64  4:56  SCV  
  66  5:01  Supply Depot  
  66  5:05  Marine  
  66  5:06  SCV  
  68  5:07  Marine  
  68  5:08  SCV, Missile Turret  
  70  5:15  Marine  
  70  5:17  Widow Mine  
  69  5:22  Medivac  
  69  5:23  Marine, Widow Mine  
  69  5:24  Supply Depot  
  69  5:26  SCV  
  69  5:27  SCV, Supply Depot  
  76  5:29  Marine  
  76  5:32  Marine  
  76  5:33  Terran Infantry Armor Level 1  
  76  5:35  Barracks Tech Lab  
  78  5:40  Widow Mine  
  78  5:41  Marine  
  78  5:42  SCV x2  
  83  5:46  Marine  
  83  5:49  Widow Mine  
  85  5:54  SCV x2  
  87  5:57  Refinery  
  87  5:59  Concussive Shells, Supply Depot  
  87  6:01  Widow Mine  
  87  6:03  Marauder  
  91  6:06  SCV x2  
  91  6:11  Widow Mine  
  95  6:17  Supply Depot  
  94  6:18  SCV x2  
  94  6:22  Marine x2, Marauder  
  94  6:25  Marauder  
  89  6:40  Marine x2  
  89  6:43  Marauder  
  89  6:46  Marauder  
  89  6:47  Widow Mine  
  92  6:49  SCV  
  84  6:57  Marine  
  84  6:59  Widow Mine  
  82  7:05  Marine, Marauder  
  82  7:07  Marauder  
  82  7:13  SCV x2  
  82  7:15  Marine  
  82  7:20  Medivac  
  82  7:21  Armory  
  83  7:23  Marine  
  83  7:25  Marine  
  83  7:28  Marine  
  86  7:33  Marine  
  87  7:38  Barracks  
  87  7:39  Barracks  
  87  7:41  Marine  
  87  7:42  Command Center  
  87  7:43  Marine  
  89  7:46  Marine  
  89  7:51  Marine, Terran Infantry Weapons Level 1, Refinery  
  90  7:54  SCV x2  
  93  7:59  Marine  
  93  8:02  Marauder  
  96  8:11  Widow Mine x2  
  98  8:15  Marine, Marauder  
  98  8:17  Marine  
  98  8:18  Medivac x2  
  106  8:23  Marauder  
  106  8:25  SCV x2  
  110  8:30  Ghost Academy  
  110  8:31  Barracks Tech Lab, Barracks Reactor  
  110  8:33  Marine  
  109  8:34  Marine  
  110  8:41  Marauder, SCV x2  
  110  8:43  Refinery  
  110  8:44  Marine  
  110  8:45  Widow Mine  
  117  8:53  SCV x2  
  117  8:54  Orbital Command, Widow Mine  
  121  9:00  Supply Depot  
  121  9:02  Ghost  
  121  9:04  Supply Depot  
  121  9:08  Ghost  
  114  9:28  Marine x3, Marauder  
  114  9:30  Widow Mine x2  
  121  9:31  Medivac x2  
  121  9:32  Marauder  
  121  9:34  SCV x2  
  121  9:35  SCV  
  129  9:39  Supply Depot  
  129  9:41  Marauder  
  131  9:46  SCV  
  131  9:47  Terran Infantry Weapons Level 2, SCV  
  131  9:50  SCV  
  134  9:58  SCV  
  134  9:59  SCV  
  136  10:02  SCV  
  136  10:04  Viking x2  
  139  10:15  Command Center  
  137  10:25  Marine x4, Marauder x2  
  145  10:33  Barracks  
  145  10:34  Barracks  
  145  10:35  Barracks  
  145  10:36  Ghost  
  147  10:43  Marine x4  
  147  10:46  Ghost x2  
  147  11:01  Marine x3  
  147  11:02  Medivac x2, Widow Mine x2  
  154  11:05  Marauder  
  153  11:15  Marauder  
  153  11:18  Marine x2, Marauder  
  141  11:19  Marine  
  141  11:23  Widow Mine x2, Barracks Tech Lab x2, Barracks Reactor  
  141  11:25  SCV x3  
  150  11:26  Planetary Fortress  
  150  11:27  Marauder  
  150  11:31  Engineering Bay  
  154  11:37  Marine x2  
  154  11:38  Marine, Marauder  
  154  11:39  Marauder  
  159  11:41  Viking x2  
  159  11:45  Marauder x2  
  163  12:04  Supply Depot  

Tags
 
Add a new tag
Caveats
  • Supply blocks, unpowered buildings, or Contaminate may cause inaccurate times.
  • Supply counts are checked every 10 seconds.